 Dungeon Crawl Stone Soup version 0.14.0-15-g6b16f67 (webtiles) character file.

1267 Qrupt the Magician (level 8, 0/52 HPs)
             Began as a Merfolk Ice Elementalist on Apr 17, 2014.
             Was an Initiate of Okawaru.
             Slain by a bat (1 damage)
             ... on Level 5 of the Dungeon.
             The game lasted 00:24:08 (7146 turns).

Qrupt the Magician (Merfolk Ice Elementalist)       Turns: 7146, Time: 00:24:09

HP   0/52        AC  2     Str  8      XL: 8   Next: 31%
MP  19/23        EV 12     Int 16      God: Okawaru [......]
Gold 172         SH  0     Dex 15      Spells:  3 memorised, 15 levels left

rFire  . . .     SeeInvis .     C - +0 trident
rCold  . . .     Clarity  .     a - +0 robe
rNeg   . . .     Conserve .     (no shield)
rPois  .         rCorr    .     (no helmet)
rElec  .         rRot     .     (no cloak)
SustAb . .       Spirit   .     (no gloves)
rMut   .         Warding  .     (no boots)
Saprov . . .     Stasis   .     (no amulet)
MR     .....                    (no ring)
                                (no ring)

@: drained, not resistant to hostile enchantments, fairly stealthy
A: change form in water, swift swim
a: Renounce Religion


You were on level 5 of the Dungeon.
You worshipped Okawaru.
Okawaru was noncommittal.
You were hungry.

You visited 2 branches of the dungeon, and saw 7 of its levels.

You collected 172 gold pieces.

Inventory:

Hand weapons
 f - a +0,+0 club
 w - a +0,+0 flail of protection
 C - a +0,+0 trident (weapon)
Armour
 a - a +0 robe (worn)
Magical devices
 m - a wand of flame (1) {unknown}
 p - a wand of confusion (6) {unknown}
Comestibles
 c - 3 bread rations
 o - 4 rotting chunks of orc flesh
 z - a rotting chunk of worker ant flesh
 B - a rotting chunk of giant newt flesh
Scrolls
 d - a scroll of magic mapping {unknown}
 e - a scroll of blinking {unknown}
 i - a scroll of fear {unknown}
 j - 2 scrolls of teleportation {unknown}
 r - 5 scrolls of remove curse {unknown}
 s - 2 scrolls of enchant weapon I {unknown}
 t - a scroll of fog {unknown}
 v - a scroll of noise {unknown}
 y - a scroll of recharging {unknown}
Jewellery
 x - an uncursed ring of positive energy {unknown}
Potions
 g - 4 potions of curing
 h - a potion of mutation {unknown}
 k - 2 potions of heal wounds
 l - a potion of agility {unknown}
 n - a potion of might {unknown}
 q - a potion of lignification {unknown}
 u - 3 potions of restore abilities {unknown}
 A - a potion of paralysis {unknown}
Books
 b - a book of Frost

   Spells                             Type                      Level
   *Freeze                            Ice                          1
   *Throw Frost                       Conjuration/Ice              2
   *Ozocubu's Armour                  Charms/Ice                   3
   Throw Icicle                       Conjuration/Ice              4
   Summon Ice Beast                   Ice/Summoning                4
   Condensation Shield                Ice                          4


   Skills:
 - Level 2.6(2.0) Dodging
 - Level 2.1(1.5) Stealth
 - Level 7.0(6.3) Spellcasting
 + Level 4.0(3.4) Conjurations
 - Level 5.0(4.4) Ice Magic


You had 15 spell levels left.
You knew the following spells:

 Your Spells              Type           Power        Failure   Level  Hunger
a - Freeze                Ice            ###.         1%          1    None
b - Throw Frost           Conj/Ice       ###...       4%          2    None
c - Ozocubu's Armour      Chrm/Ice       ##........   17%         3    ##.....


Dungeon Overview and Level Annotations

Branches:
Dungeon (6/15)             Temple (1/1) D:5

Altars:
Ashenzari
Elyvilon
Fedhas
Kikubaaqudgha
Makhleb
Nemelex Xobeh
Okawaru
Sif Muna
Trog
Yredelemnul
Zin
The Shining One


Message History

Aiming: Freeze
Press: ? - help, Shift-Dir - straight line, f - bat
Aim: a bat You freeze the bat.
You kill the bat!
Okawaru accepts your kill. The bat hits you but does no damage.
The bat misses you.
The orc wizard zaps a wand.
The bolt of negative energy hits you!
You feel drained.
* * * LOW HITPOINT WARNING * * *
The bat hits you.
* * * LOW HITPOINT WARNING * * *
You see here a jackal corpse.
The bat barely misses you. The bat closely misses you.
There is a fountain of sparkling water here.
The bat hits you.
* * * LOW HITPOINT WARNING * * *
The bat hits you.
You die...

....................
......o..............
............[.......... ...
...........#........... ....
..........###...............
..........#####..............##
.......%)##...⌠...............#
...............................
..........%o⌠b@.⌠..............
..............[................
............[⌠................
..............................
..............................
.............................
....................#.......
..................###......
#.................## ##.....


You could see an orc and a bat.

Vanquished Creatures
  2 ogres
  An orc warrior (D:5)
  4 wights
  2 scorpions
  A crimson imp (D:4)
  3 orc priests
  A hound (D:3)
  A giant frog skeleton (D:5)
  2 orc wizards (D:5)
  3 worker ants
  A hound skeleton (D:5)
  2 worker ant zombies (D:5)
  7 adders
  A shadow imp (D:5)
  A giant mite (D:1)
  An inept feature mimic (D:2)
  A worm (D:3)
  An adder skeleton (D:4)
  An iguana skeleton (D:4)
  11 orcs
  10 bats
  A bat skeleton (D:4)
  7 hobgoblins
  11 jackals
  12 kobolds
  3 quokkas
  3 ball pythons
  A giant cockroach (D:1)
  7 giant geckos
  9 giant newts
  10 goblins
  20 rats
141 creatures vanquished.

Notes
Turn   | Place    | Note
--------------------------------------------------------------
     0 | D:1      | Qrupt, the Merfolk Ice Elementalist, began the quest for the Orb.
     0 | D:1      | Reached XP level 1. HP: 13/13 MP: 3/3
   376 | D:1      | Reached XP level 2. HP: 17/19 MP: 2/4
   427 | D:1      | Reached skill level 4 in Ice Magic
   885 | D:1      | Reached XP level 3. HP: 15/24 MP: 0/6
  1262 | D:2      | Found a glowing golden altar of the Shining One.
  1369 | D:2      | Reached skill level 5 in Ice Magic
  1421 | D:2      | Found a deep blue altar of Sif Muna.
  1430 | D:2      | Reached XP level 4. HP: 28/30 MP: 4/8
  1675 | D:2      | Found a bloodstained altar of Trog.
  2152 | D:3      | Found a white marble altar of Elyvilon.
  2161 | D:3      | Learned a level 2 spell: Throw Frost
  2165 | D:3      | Learned a level 3 spell: Ozocubu's Armour
  2611 | D:3      | Reached XP level 5. HP: 33/35 MP: 8/11
  3402 | D:4      | Reached XP level 6. HP: 41/41 MP: 10/15
  3681 | D:4      | Noticed an ogre
  3689 | D:4      | Killed an ogre
  3689 | D:4      | Reached skill level 5 in Spellcasting
  3801 | D:4      | Noticed an ogre
  3845 | D:3      | Killed an ogre
  3973 | D:4      | Reached XP level 7. HP: 46/46 MP: 19/19
  4047 | D:4      | Reached skill level 6 in Spellcasting
  5026 | D:4      | Found a burning altar of Makhleb.
  5212 | D:4      | Reached skill level 7 in Spellcasting
  5358 | D:5      | Entered Level 5 of the Dungeon
  5367 | D:5      | Reached skill level 1 in Conjurations
  5696 | D:5      | Found a glowing silver altar of Zin.
  6119 | D:5      | Reached XP level 8. HP: 48/52 MP: 19/23
  6180 | D:5      | Found a staircase to the Ecumenical Temple.
  6291 | Temple   | Entered the Ecumenical Temple
  6430 | Temple   | Became a worshipper of Warmaster Okawaru
  7141 | D:5      | HP: 2/52 [orc wizard/wand of draining (25)]
  7146 | D:5      | Slain by a bat

Action                   |  1- 3 |  4- 6 |  7- 9 || total
-------------------------+-------+-------+-------++-------
Melee: Unarmed           |    19 |       |       ||    19
       Club              |    21 |    36 |       ||    57
       Flail             |       |    22 |   166 ||   188
       Trident           |       |       |     2 ||     2
 Cast: Freeze            |    40 |    86 |    57 ||   183
       Throw Frost       |       |     7 |    14 ||    21
  Use: Scroll            |       |     3 |       ||     3
       Potion            |       |       |     4 ||     4
 Stab: Sleeping          |     2 |     1 |     3 ||     6
       Distracted        |       |     1 |       ||     1
